 Dungeon Crawl Stone Soup version 0.25-a0-1133-g93ebf73 (webtiles) character file.

Game seed: 2149083053838762632, levelgen mode: deterministic

235511 Faca the Warrior (level 19, -8/181 HPs)
             Began as a Ghoul Fighter on May 22, 2020.
             Was the Champion of Makhleb.
             Mangled by a merfolk impaler
             ... wielding a +2 trident of protection
              (19 damage)
             ... on level 4 of the Shoals.
             The game lasted 01:18:54 (37078 turns).

Faca the Warrior (Ghoul Fighter)                   Turns: 37078, Time: 01:18:55

Health: -8/181     AC: 17    Str: 36    XL:     19   Next: 63%
Magic:  25/25      EV: 13    Int:  3    God:    Makhleb [******]
Gold:   923        SH: 19    Dex:  8    Spells: 18/18 levels left

rFire    + . .     SeeInvis +     - Unarmed
rCold    + . .     Gourm    .   b - +0 kite shield
rNeg     + + +     Faith    .   A - +0 chain mail {MR+}
rPois    ∞         Spirit   .   h - +0 helmet
rElec    +         Reflect  +   e - +0 cloak
rCorr    +         Harm     .   (no gloves)
MR       +++..                  y - +0 pair of boots of Anaesthesia {Str+2}
Stlth    ..........             M - amulet of reflection
HPRegen  0.00/turn              s - ring "Tiddenij" {rElec rPois rF+ Str+6}
MPRegen  0.19/turn              H - ring of Juwotin {MR+ rCorr SInv}

@: about to teleport, rotting
A: rotting body, claws 1, carnivore, cold resistance 1, negative energy
resistance 3, inhibited regeneration, torment resistance, unbreathing
}: 1/15 runes: serpentine
a: Minor Destruction, Lesser Servant of Makhleb, Major Destruction, Greater
Servant of Makhleb, Renounce Religion


You were on level 4 of the Shoals.
You worshipped Makhleb.
Makhleb was exalted by your worship.
You were not hungry.

You visited 6 branches of the dungeon, and saw 32 of its levels.
You also visited: Gauntlet.

You collected 2956 gold pieces.
You spent 2033 gold pieces at shops.

Inventory:

Missiles
 g - 36 boomerangs (quivered)
 r - 3 throwing nets
 u - 8 javelins
 Q - 28 silver javelins
Armour
 b - a +0 kite shield (worn)
 e - a +0 cloak (worn)
 h - a +0 helmet (worn)
 y - the +0 pair of boots of Anaesthesia (worn) {Str+2}
   (You found it in a Gauntlet)

   It affects your strength (+2).
 A - a +0 chain mail of magic resistance (worn)
 F - a +2 pair of boots of flying
Jewellery
 q - an uncursed ring of ice
 s - the ring "Tiddenij" (left claw) {rElec rPois rF+ Str+6}
   (You bought it in a shop on level 2 of the Orcish Mines)

   [ring of strength]

   It affects your strength (+6).
   It protects you from fire.
   It insulates you from electricity.
   It protects you from poison.
 H - the ring of Juwotin (right claw) {MR+ rCorr SInv}
   (You acquired it on level 12 of the Dungeon)

   [ring of resist corrosion]

   It affects your resistance to hostile enchantments.
   It lets you see invisible.
   It provides partial protection from all sources of acid and corrosion.
 K - an uncursed ring of protection from magic
 M - an amulet of reflection (around neck)
Wands
 c - a wand of acid (17)
 t - a wand of enslavement (8)
 D - a wand of digging (7)
Scrolls
 f - 6 scrolls of fear
 i - 12 scrolls of teleportation
 n - 4 scrolls of immolation
 o - 5 scrolls of enchant armour
 v - a scroll of magic mapping
 x - 16 scrolls of remove curse
 z - 17 scrolls of identify
 B - 5 scrolls of enchant weapon
 E - a scroll of silence
 G - 2 scrolls of fog
 I - 2 scrolls of torment
 L - 2 scrolls of holy word
Potions
 a - a potion of cancellation
 j - a potion of might
 l - a potion of flight
 m - 2 potions of ambrosia
 p - 5 potions of curing
 w - 4 potions of resistance
 C - a potion of heal wounds
 J - a potion of haste
 N - a potion of invisibility
 O - a potion of stabbing
Comestibles
 d - 57 rations
 k - 6 chunks of flesh


   Skills:
 + Level 18.7 Fighting
 + Level 13.7 Armour
 + Level 8.6 Dodging
 + Level 13.6 Shields
 + Level 18.5 Unarmed Combat
 + Level 10.6 Invocations


You had 18 spell levels left.
You didn't know any spells.
Your spell library contained the following spells:

 Spells                   Type           Power        Failure   Level  Hunger
 Animate Skeleton         Necr           N/A          90%         1    ##.....
 Apportation              Tloc           #.....       90%         1    ##.....
 Corona                   Hex            #......      90%         1    ##.....
 Freeze                   Ice            #...         90%         1    ##.....
 Infusion                 Chrm           #...         90%         1    ##.....
 Magic Dart               Conj           #...         90%         1    ##.....
 Sting                    Tmut/Pois      #...         90%         1    ##.....
 Summon Small Mammal      Summ           #...         90%         1    ##.....
 Corpse Rot               Necr/Air       N/A          97%         2    ###....
 Ensorcelled Hibernation  Hex/Ice        #.....       97%         2    ###....
 Passwall                 Tmut/Erth      #.......     97%         2    ###....
 Searing Ray              Conj           #.....       97%         2    ###....
 Shroud of Golubria       Chrm/Tloc      #.....       97%         2    ###....
 Song of Slaying          Chrm           #.......     97%         2    ###....
 Swiftness                Chrm/Air       #.......     97%         2    ###....
 Confusing Touch          Hex            #.......     99%         3    ####...
 Dazzling Flash           Conj/Hex       #.....       99%         3    ####...
 Frozen Ramparts          Ice            #.....       99%         3    ####...
 Gell's Gravitas          Tloc           #.........   99%         3    ####...
 Ozocubu's Armour         Chrm/Ice       #.......     99%         3    ####...
 Portal Projectile        Hex/Tloc       #.....       99%         3    ####...
 Recall                   Summ/Tloc      N/A          99%         3    ####...
 Spectral Weapon          Hex/Chrm       #.......     99%         3    ####...
 Tukima's Dance           Hex            #.......     99%         3    ####...
 Animate Dead             Necr           N/A          100%        4    #####..
 Dispel Undead            Necr           #.......     100%        4    #####..
 Fulminant Prism          Conj/Hex       #.........   100%        4    #####..
 Hailstorm                Conj/Ice       #.......     100%        4    #####..
 Iskenderun's Mystic Bla  Conj/Tloc      #.......     100%        4    #####..
 Passage of Golubria      Tloc           N/A          100%        4    #####..
 Summon Ice Beast         Ice/Summ       #.......     100%        4    #####..
 Summon Lightning Spire   Summ/Air       #.......     100%        4    #####..
 Agony                    Necr           #.......     100%        5    ######.
 Alistair's Intoxication  Tmut/Pois      #.......     100%        5    ######.
 Borgnjor's Vile Clutch   Necr/Erth      #.........   100%        5    ######.
 Lee's Rapid Deconstruct  Erth           #.........   100%        5    ######.
 Metabolic Englaciation   Hex/Ice        #.........   100%        5    ######.
 Silence                  Hex/Air        #.........   100%        5    ######.
 Conjure Ball Lightning   Conj/Air       #.........   100%        6    #######
 Darkness                 Hex            #.........   100%        6    #######
 Death Channel            Necr           #.........   100%        6    #######
 Dispersal                Tloc           #.........   100%        6    #######
 Eringya's Noxious Bog    Tmut/Pois      #.........   100%        6    #######
 Freezing Cloud           Conj/Ice/Air   #.........   100%        6    #######
 Invisibility             Hex            #.......     100%        6    #######
 Ozocubu's Refrigeration  Ice            #.........   100%        6    #######
 Simulacrum               Ice/Necr       #.........   100%        6    #######
 Controlled Blink         Tloc           N/A          100%        8    #######
 Disjunction              Tloc           #.........   100%        8    #######
 Tornado                  Air            #.........   100%        9    #######
 Beastly Appendage        Tmut           Unusable     N/A         1    N/A
 Ice Form                 Ice/Tmut       Unusable     N/A         4    N/A
 Dragon Form              Tmut           Unusable     N/A         7    N/A

Dungeon Overview and Level Annotations

Branches:
Dungeon (15/15)            Temple (1/1) D:7            Lair (6/6) D:11
 Shoals (4/4) Lair:2        Snake (4/4) Lair:4        Slime (0/5) Lair:6
    Orc (2/2) D:11            Elf (0/3) Orc:2        Vaults (0/5) D:14
 Depths (0/5) D:15        Gauntlet (visited)

Altars:
Ashenzari
Cheibriados
Dithmenos
Elyvilon
Fedhas
Gozag
Kikubaaqudgha
Makhleb
Nemelex Xobeh
Qazlal
Ru
Sif Muna
Vehumet
Wu Jian
Xom
Yredelemnul
Zin
The Shining One
Beogh
Jiyva

Shops:
D:4 ?   D:5 *   D:6 }   Orc:2 =%*}   Snake:1 :   Snake:2 %

Annotations:
Snake:3 Roxanne


Innate Abilities, Weirdness & Mutations

Your body is rotting away.
You thrive on raw meat.
You are immune to poison.
You have sharp fingernails.
You are carnivorous and can eat meat at any time.
Your flesh is cold resistant. (rC+)
You are immune to negative energy. (rN+++)
You do not regenerate when monsters are visible.
You are immune to unholy pain and torment.
You can survive without breathing.


Message History

You mangle the merfolk javelineer!!
You kill the merfolk javelineer!
Makhleb accepts your kill.
You feel better.
The merfolk javelineer throws a javelin.
The javelin pierces through you!
* * * LOW HITPOINT WARNING * * *
The merfolk barely misses you.
You block the merfolk impaler's attack. x2
You mangle the merfolk javelineer!!
The merfolk javelineer is moderately wounded.
You block the merfolk siren's attack.
The merfolk impaler hits you from afar with a +2 trident of protection!
* * * LOW HITPOINT WARNING * * *
The merfolk javelineer hits you but does no damage.
You block the merfolk impaler's attack.
You feel much better. You block the merfolk's attack.
The merfolk siren hits you from afar with a +0 spear!
* * * LOW HITPOINT WARNING * * *
The merfolk impaler hits you from afar with a +2 trident of protection!!
You die...

.≈≈≈≈≈≈≈≈≈≈≈≈≈≈≈≈≈≈≈≈≈≈≈≈#
..≈≈≈≈....≈≈≈≈≈≈≈≈≈≈≈≈≈≈≈#
.≈≈≈≈.....P.≈≈≈PP≈≈≈≈≈≈≈≈#
#≈≈≈≈≈......≈≈PPP≈≈≈≈≈≈≈≈#
##≈≈≈.........PPP≈(≈≈≈≈≈≈#
.#....#(P.........≈P≈≈≈≈≈#
.#....#))..PP.....≈≈≈≈≈≈≈#
.#....#).)PPP...P).≈≈≈≈≈≈#
##....#...(....(@mmP≈≈≈≈≈#
#.....#..P..##+##mm≈≈≈≈≈≈#
.........PP## ##m≈≈≈≈≈≈#
....≈≈≈≈...# m #≈≈≈≈≈≈≈#
...≈≈≈≈..[.#.mm.m'≈≈≈≈≈≈≈#
...≈≈≈.....#.m.m≈#≈≈≈≈≈≈≈#
.≈≈≈≈≈≈≈...##.m≈##≈≈≈≈≈≈≈#
..≈≈≈≈≈≈≈..P#####≈≈≈≈≈≈≈≈#
.≈≈≈≈≈≈≈≈≈≈≈≈..≈≈≈≈≈≈≈≈≈≈#


You could see 2 merfolk impalers, a merfolk javelineer, a merfolk and a merfolk
siren.

Vanquished Creatures
  Rupert (Lair:3)
  Jorgrun (D:14)
  Kirke (Lair:4)
  Frances (Snake:2)
  Ilsuiw (Shoals:3)
  2 azure jellies (Lair:6)
  2 frost giants (D:15)
  17 nagarajas
  An orc warlord (Orc:2)
  The ghost of Tabiqoth the Champion of Chaos, a journeyman DDNe of Makhleb (Snake:1)
  An ironheart preserver (D:14)
  A minotaur (Gauntlet)
  2 merfolk javelineers (Shoals:4)
  Josephine (D:15)
  2 fire dragons
  3 merfolk impalers
  A yaktaur captain (D:15)
  12 naga warriors (Snake:4)
  7 hydras
  An ice dragon (D:13)
  3 catoblepae
  5 merfolk avatars
  4 centaur warriors
  4 alligator snapping turtles
  The ghost of Neiphiur the Destroyer, a journeyman DrCj of Sif Muna (Lair:3)
  10 anacondas
  5 two-headed ogres
  3 merfolk aquamancers
  5 satyrs
  15 death yaks
  A tengu warrior (D:13)
  A deep troll shaman (Lair:6)
  19 naga sharpshooters
  8 orc high priests (Orc:2)
  The ghost of lunkers the Frost Mage, a novice OpIE of Ashenzari (D:9)
  5 shock serpents
  A skeletal warrior (D:14)
  A fire crab (Shoals:2)
  An unseen horror (D:12)
  8 sea snakes
  13 naga ritualists
  A salamander mystic (Snake:3)
  2 phantasmal warriors
  A wizard (D:13)
  A swamp dragon (shapeshifter) (D:13)
  A lindwurm (Lair:6)
  15 harpies
  9 mana vipers
  11 ugly things
  An orc sorcerer (Orc:2)
  5 oklob plants
  14 salamanders
  3 orc knights
  3 deep elf magi
  10 cyclopes
  15 fauns
  A moth of wrath (D:13)
  9 slime creatures
  13 manticores
  14 merfolk sirens
  3 elephants (Lair:6)
  38 black mambas
  18 naga magi
  2 centaur zombies
  2 molten gargoyles (Gauntlet)
  2 water nymphs
  5 gargoyles
  5 guardian serpents (Snake:4)
  11 spiny frogs
  A yaktaur (D:15)
  A rime drake (Lair:4)
  An efreet (D:12)
  4 komodo dragons
  A freezing wraith (D:13)
  A tengu conjurer (D:13)
  An ice devil (Gauntlet)
  10 trolls
  A polar bear (Lair:3)
  28 merfolk
  2 tyrant leeches (D:13)
  A hornet (D:10)
  2 wind drakes (Shoals:1)
  12 blink frogs
  8 snapping turtles
  12 dream sheep
  13 hippogriffs
  2 shadows
  Sigmund (D:2)
  A spriggan (Lair:3)
  10 water elementals
  Eustachio (D:6)
  8 wyverns
  6 wraiths
  16 yaks
  A vampire (D:13)
  4 hogs
  2 fire bats (Shoals:2)
  2 hungry ghosts
  3 basilisks
  A human (D:5)
  Edmund (D:5)
  4 swamp worms (D:13)
  5 vampire mosquitoes
  An acid dragon (Gauntlet)
  8 wargs
  63 nagas
  24 water moccasins
  Duvessa (D:6)
  9 porcupines
  4 phantoms
  5 ice beasts
  A hornet zombie (D:13)
  14 orc warriors
  5 sky beasts
  An eye of draining (shapeshifter) (D:12)
  A boggart (D:14)
  5 ogres
  4 black bears
  8 wolves
  11 centaurs
  9 crocodiles
  2 big kobolds
  22 bullfrogs
  A gnoll sergeant (D:9)
  Dowan (D:6)
  A water moccasin zombie (D:11)
  3 scorpions
  10 wights
  9 killer bees
  A howler monkey (D:5)
  2 electric eels
  6 crimson imps
  6 centaur skeletons
  2 bullfrog zombies
  A human zombie (D:5)
  10 jellies
  34 orc priests
  2 bullfrog skeletons
  A gnoll shaman (D:6)
  7 hounds
  26 orc wizards
  5 iguanas
  9 worker ants
  A hound zombie (D:7)
  A hound skeleton (D:8)
  Robin (D:3)
  A worker ant zombie (D:5)
  10 gnolls
  25 adders
  6 shadow imps
  4 white imps (Gauntlet)
  8 oozes
  2 adder zombies
  An adder skeleton (D:10)
  A worm (D:2)
  2 dart slugs
  5 leopard geckos
  89 orcs
  5 ball pythons
  5 bats
  7 giant cockroaches
  16 goblins
  5 hobgoblins
  3 jackals (D:7)
  6 quokkas
  21 frilled lizards
  A jackal skeleton (D:5)
  20 kobolds
  A leopard gecko skeleton (D:7)
  A quokka skeleton (D:4)
  4 rats
  6 plants
  2 tentacles (Shoals:3)
1150 creatures vanquished.

Vanquished Creatures (collateral kills)
  A merfolk siren (Shoals:3)
1 creature vanquished.

Vanquished Creatures (others)
  A shock serpent (shapeshifter) (D:13)
  A troll (D:13)
  A naga (Snake:3)
  17 bushes
  12 fungi
  19 plants
  8 tentacles (Shoals:3)
59 creatures vanquished.

Grand Total: 1210 creatures vanquished

Notes
Turn   | Place    | Note
-------+----------+-------------------------------------------
     0 | D:1      | Faca the Ghoul Fighter began the quest for the Orb.
     0 | D:1      | Reached XP level 1. HP: 19/19 MP: 0/0
   244 | D:1      | Reached XP level 2. HP: 8/26 MP: 1/1
   776 | D:2      | Noticed an ice beast
  1124 | D:2      | Reached XP level 3. HP: 22/33 MP: 2/2
  1560 | D:2      | Reached XP level 4. HP: 33/41 MP: 3/3
  1756 | D:2      | Found a sacrificial altar of Ru.
  1814 | D:2      | Noticed Sigmund
  1830 | D:2      | Killed Sigmund
  1830 | D:2      | Reached skill level 5 in Fighting
  1830 | D:2      | Reached XP level 5. HP: 13/48 MP: 4/4
  2209 | D:3      | Reached XP level 6. HP: 56/56 MP: 5/5
  2219 | D:3      | Noticed Robin
  2310 | D:3      | Reached skill level 5 in Unarmed Combat
  2330 | D:3      | Killed Robin
  2886 | D:4      | Found Itruag's Magic Scroll Shoppe.
  2891 | D:4      | Bought a scroll of noise for 10 gold pieces
  3043 | D:4      | Found a snail-covered altar of Cheibriados.
  3271 | D:4      | Reached XP level 7. HP: 56/64 MP: 6/6
  3445 | D:4      | Found a sparkling altar of Nemelex Xobeh.
  3664 | D:4      | Found an ornate altar of the Wu Jian Council.
  3821 | D:5      | Entered Level 5 of the Dungeon
  3980 | D:5      | Noticed Edmund
  3995 | D:5      | Killed Edmund
  4222 | D:5      | Reached XP level 8. HP: 64/71 MP: 7/7
  4269 | D:5      | Found Adilapium's General Store.
  4339 | D:5      | Found a runed translucent door.
  4342 | D:5      | Found a basalt altar of Yredelemnul.
  5112 | D:6      | Reached XP level 9. HP: 75/83 MP: 8/8
  5162 | D:6      | Noticed Eustachio
  5166 | D:6      | Found Wuliafas's Gadget Shoppe.
  5188 | D:6      | Killed Eustachio
  5430 | D:7      | Noticed Duvessa
  5430 | D:7      | Noticed Dowan
  5445 | D:6      | Killed Duvessa
  5450 | D:6      | Killed Dowan
  5735 | D:7      | Reached skill level 10 in Fighting
  5858 | D:7      | Found a staircase to the Ecumenical Temple.
  5927 | Temple   | Entered the Ecumenical Temple
  5935 | Temple   | Became a worshipper of Makhleb the Destroyer
  5995 | D:7      | Found a shattered altar of Ashenzari.
  6073 | D:7      | Found a stormy altar of Qazlal.
  6146 | D:7      | Reached skill level 10 in Unarmed Combat
  6472 | D:4      | Bought a scroll of remove curse for 30 gold pieces
  6472 | D:4      | Bought a scroll of remove curse for 30 gold pieces
  7511 | D:9      | Found a white marble altar of Elyvilon.
  7522 | D:9      | Reached XP level 10. HP: 69/95 MP: 9/9
  7532 | D:9      | Reached * piety under Makhleb
  7908 | D:9      | Found a glowing silver altar of Zin.
  7909 | D:9      | Found a shadowy altar of Dithmenos.
  7939 | D:9      | Found a runed translucent gate.
  7939 | D:9      | Found a runed translucent gate.
  7939 | D:9      | Found a runed translucent gate.
  7939 | D:9      | Noticed lunkers's ghost (novice OpIE)
  8071 | D:9      | Noticed a green ugly thing
  8080 | D:9      | Killed a green ugly thing
  8256 | D:9      | Found a basalt altar of Yredelemnul.
  8479 | D:9      | Killed lunkers's ghost
  8532 | D:10     | Entered Level 10 of the Dungeon
  8828 | D:10     | Reached XP level 11. HP: 88/104 MP: 10/10
  8861 | D:10     | Noticed a two-headed ogre
  8872 | D:10     | Killed a two-headed ogre
  9067 | D:10     | Reached ** piety under Makhleb
  9270 | D:11     | Found a staircase to the Lair.
  9447 | D:11     | Found a staircase to the Orcish Mines.
  9638 | D:11     | Reached *** piety under Makhleb
  9912 | D:12     | Reached skill level 5 in Armour
  9912 | D:12     | Reached skill level 5 in Shields
  9957 | D:12     | Identified a scroll of acquirement
  9959 | D:12     | Got the ring of Juwotin {MR+ rCorr SInv}
  9971 | D:12     | Noticed a manticore
  9982 | D:12     | Killed a manticore
 10061 | D:12     | Noticed a brown ugly thing
 10075 | D:12     | Killed a brown ugly thing
 10155 | D:12     | Noticed a deep elf mage
 10183 | D:12     | Killed a deep elf mage
 10542 | D:12     | Noticed a centaur warrior
 10549 | D:12     | Killed an unseen horror
 10552 | D:12     | Reached XP level 12. HP: 96/115 MP: 0/11
 10560 | D:12     | Killed a centaur warrior
 10597 | D:12     | Noticed a fire dragon
 10693 | Lair:1   | Entered Level 1 of the Lair of Beasts
 10911 | Lair:1   | Reached **** piety under Makhleb
 11163 | Lair:1   | Noticed a six-headed hydra
 11170 | Lair:1   | Killed a six-headed hydra
 11646 | Lair:2   | Found the +8 whip "Snakebite" {curare, rPois}
 12318 | Lair:2   | Found a staircase to the Shoals.
 12333 | Lair:2   | Noticed a five-headed hydra
 12340 | Lair:2   | Killed a five-headed hydra
 12993 | Lair:3   | Reached XP level 13. HP: 124/124 MP: 12/12
 13004 | Lair:3   | Found a runed translucent gate.
 13005 | Lair:3   | Found a runed translucent gate.
 13005 | Lair:3   | Found a runed translucent gate.
 13005 | Lair:3   | Noticed Neiphiur's ghost (journeyman DrCj)
 13026 | Lair:3   | Killed Neiphiur's ghost
 13355 | Lair:3   | Reached skill level 1 in Invocations
 13802 | Lair:4   | Noticed Rupert
 13841 | Lair:3   | Killed Rupert
 14026 | Lair:4   | Noticed Kirke
 14043 | Lair:4   | Killed Kirke
 14222 | Lair:4   | Reached ***** piety under Makhleb
 14451 | Lair:4   | Found a staircase to the Snake Pit.
 15547 | Lair:6   | Entered Level 6 of the Lair of Beasts
 15732 | Lair:6   | Found a runed translucent door.
 15732 | Lair:6   | Noticed an azure jelly
 15733 | Lair:6   | Found a viscous altar of Jiyva.
 15733 | Lair:6   | Found a staircase to the Slime Pits.
 15733 | Lair:6   | Noticed an azure jelly
 15778 | Lair:6   | Reached XP level 14. HP: 133/133 MP: 16/16
 15814 | Lair:6   | Reached skill level 5 in Invocations
 15874 | Lair:6   | HP: 2/133 [blink frog (9)]
 16216 | Lair:6   | Reached skill level 15 in Fighting
 16793 | Lair:6   | Reached skill level 15 in Unarmed Combat
 17990 | Orc:1    | Entered Level 1 of the Orcish Mines
 18236 | Orc:2    | Entered Level 2 of the Orcish Mines
 18448 | Orc:2    | Found a staircase to the Elven Halls.
 18482 | Orc:2    | Reached ****** piety under Makhleb
 18756 | Orc:2    | Found Legi's Assorted Antiques.
 18756 | Orc:2    | Found Celyraci's Gadget Shop.
 18764 | Orc:2    | Bought a scroll labeled LAPTAHAFOMM for 33 gold pieces
 18820 | Orc:2    | Reached skill level 10 in Armour
 18820 | Orc:2    | Reached skill level 10 in Shields
 18841 | Orc:2    | Reached XP level 15. HP: 141/141 MP: 19/19
 19088 | Orc:2    | Found a roughly hewn altar of Beogh.
 19100 | Orc:2    | Found Juplem's Jewellery Emporium.
 19100 | Orc:2    | Found Ijuwuzei's Food Shop.
 19106 | Orc:2    | Bought an uncursed amulet of reflection for 360 gold pieces
 19129 | Orc:2    | Bought the ring "Tiddenij" {rElec rPois rF+ Str+6} for 1004
                  | gold pieces
 19272 | Orc:2    | Found a roughly hewn altar of Beogh.
 19524 | Orc:1    | Noticed an orc warlord
 19731 | Orc:2    | Killed an orc warlord
 20057 | Orc:2    | Bought a scroll of blinking for 247 gold pieces
 20057 | Orc:2    | Bought a potion of heal wounds for 165 gold pieces
 20292 | D:13     | Found a gate leading to a gauntlet.
 20333 | Gauntlet | Entered a Gauntlet
 20333 | Gauntlet | Found a transporter.
 20340 | Gauntlet | Found a transporter.
 20342 | Gauntlet | Found a transporter.
 20356 | Gauntlet | Found a transporter.
 20358 | Gauntlet | Found a transporter.
 20367 | Gauntlet | Found a transporter.
 20381 | Gauntlet | Found a transporter.
 20394 | Gauntlet | Found a transporter.
 20398 | Gauntlet | Found a transporter.
 20398 | Gauntlet | Found a transporter.
 20413 | Gauntlet | Found a transporter.
 20432 | Gauntlet | Found a transporter.
 20446 | Gauntlet | Found a transporter.
 20461 | Gauntlet | Found a transporter.
 20610 | Gauntlet | Got a pair of brightly glowing boots
 20621 | Gauntlet | Identified the +0 pair of boots of Anaesthesia {Str+2} (You
                  | found it in a Gauntlet)
 20638 | Gauntlet | Identified the amulet of Pesom {+Blink Regen+ Str+3 Stlth+}
 20654 | Gauntlet | Identified the Catalogue of Protection and Evil Magic
 21609 | D:13     | Identified the amulet of Youthful Indiscretion {RegenMP
                  | +Inv MP-9 Stlth+}
 21705 | D:13     | Identified the Tome of Ghastly Good Luck
 21708 | D:13     | Got a bound emerald amulet
 21709 | D:13     | Identified the amulet of Dudawn {+Fly Regen+ Int+2 Dex-5}
                  | (You found it on level 13 of the Dungeon)
 21712 | D:13     | Identified the Reference Book on Shape Shifting
 22554 | D:14     | Found a gate to the Vaults.
 22814 | D:14     | Noticed Jorgrun
 22843 | D:14     | Killed Jorgrun
 22843 | D:14     | Reached XP level 16. HP: 61/152 MP: 21/21
 23100 | D:14     | Found a blossoming altar of Fedhas.
 23473 | D:15     | Entered Level 15 of the Dungeon
 24079 | D:15     | Found a staircase to the Depths.
 24305 | D:15     | Noticed Josephine
 24308 | D:15     | Reached skill level 1 in Dodging
 24312 | D:15     | Killed Josephine
 24701 | D:5      | Bought a scroll of enchant armour for 105 gold pieces
 24701 | D:5      | Bought a scroll of immolation for 49 gold pieces
 24892 | Snake:1  | Entered Level 1 of the Snake Pit
 24913 | Snake:1  | You fall into a shaft and drop 1 floor!
 24913 | Snake:2  | Noticed Frances
 24924 | Snake:2  | Killed Frances
 24924 | Snake:2  | Reached skill level 10 in Invocations
 25204 | Snake:2  | Found Tukuwn's Food Boutique.
 25247 | Snake:2  | Noticed a nagaraja
 25254 | Snake:2  | You fall into a shaft and drop 1 floor!
 25767 | Snake:3  | Noticed Roxanne
 26669 | Snake:3  | Reached XP level 17. HP: 127/161 MP: 15/23
 28068 | Snake:1  | Found Usouxt's Book Boutique.
 28082 | Snake:1  | Found a runed translucent door.
 28083 | Snake:1  | Noticed Tabiqoth's ghost (journeyman DDNe)
 28443 | Snake:4  | Entered Level 4 of the Snake Pit
 29186 | Snake:4  | Reached skill level 5 in Dodging
 30761 | Snake:4  | Reached XP level 18. HP: 169/171 MP: 24/24
 31931 | Snake:4  | Got a serpentine rune of Zot
 32088 | Snake:1  | Killed Tabiqoth's ghost
 32397 | Shoals:1 | Entered Level 1 of the Shoals
 33744 | Shoals:2 | Reached XP level 19. HP: 172/179 MP: 25/25
 34319 | Shoals:3 | Noticed Ilsuiw
 34377 | Shoals:3 | Killed Ilsuiw
 35169 | Shoals:4 | Entered Level 4 of the Shoals
 36469 | Shoals:4 | Identified the +8 great mace "Tidiesa" {elec, +Inv SInv}
 37077 | Shoals:4 | HP: 9/181 [merfolk impaler/+2 trident of protection (12)]
 37078 | Shoals:4 | Mangled by a merfolk impaler

Illustrated notes

Levels and vault maps discovered:
D:1:      dpeg_arrival_short_road, layout_loops_cross
D:2:      layout_loops_cross, nicolae_ru_the_path_less_chosen,
          minmay_curled_crystal, minmay_lizard_pond, uniq_sigmund
D:3:      layout_basic, minmay_between, uniq_robin
D:4:      layout_basic, kennysheep_slug_shrine, nicolae_overflow_hidden_temple,
          lemuel_round_altar, first_ration, serial_shops, kennysheep_little_box,
          kennysheep_generic_room_15
D:5:      layout_cave_pools, serial_shops,
          nicolae_shop_competitors_out_of_business, dk_yredelemnul_ordeal,
          uniq_edmund
D:6:      layout_cave_pools, serial_shops, kennysheep_mini_moat, serial_glass,
          glass_columns_a, glass_columns_b, item_on_display_a,
          minmay_strange_pillars, uniq_eustachio
D:7:      layout_cave_pools, lemuel_round_altar, minmay_temple_entry_poolview,
          nicolae_qazlal_general_emergency, uniq_duvessa
D:8:      layout_loops_corners, hangedman_little_slice_of_home,
          corexii_leaking_fountain
D:9:      layout_loops_ring, elyvilon_altar_3, lemuel_round_altar,
          grunt_temple_overflow_open, ebering_ghost_rock_garden,
          hangedman_abyss_or_decor_lesser_grid
D:10:     layout_rooms
D:11:     layout_rooms, david_lair_shrubbed, david_orc_3
D:12:     minmay_shrinking_squares, layout_rooms
D:13:     minmay_the_grid_triangle_9x9_rhombus_full
          [minmay_the_grid_triangle_9x9_zippers_vertical,
          minmay_the_grid_triangle_9x9_minimal,
          minmay_the_grid_triangle_9x9_odd_lines,
          minmay_the_grid_triangle_9x9_wacky_v,
          minmay_the_grid_triangle_9x9_longest,
          minmay_the_grid_triangle_9x9_stretched_checkered,
          minmay_the_grid_triangle_9x9_windchime,
          minmay_the_grid_triangle_9x9_prize_schism], layout_basic,
          gauntlet_entry_generic, minmay_misc_feat_encased,
          minmay_misc_feat_columns, worms_lemuel
D:14:     layout_roguey, skrybe_vaults_entry_preservation, minmay_hedge_maze,
          hangedman_tree_tricks, uniq_jorgrun
D:15:     grunt_enter_depths_snipers, layout_irregular_city, minmay_radiant,
          uniq_josephine
Temple:   cyrus_circular_temple
Lair:1:   cheibrodos_lair_river_kwai, layout_gridlike, grunt_megastairs_1
Lair:2:   minmay_guarded_unrand_snakebite, layout_gridlike,
          elwin_shoals_entry_rocks, grunt_megastairs_4,
          minmay_lair_oklob_chamber, infiniplex_staircase_pool
Lair:3:   layout_long_grid, ebering_ghost_rock_garden,
          grunt_forest_stairs_clearing
Lair:4:   layout_roguey, minmay_snake_entry_six_corridors,
          cheibrodos_lair_caveside_slide, serial_bayou_shore_b, uniq_kirke,
          uniq_rupert
Lair:5:   layout_cave_shapes
Lair:6:   grunt_lair_end_beastmaster, layout_cave_pods, slime_altar_2,
          serial_bayou_crossing, grunt_megastairs_3
Shoals:1: layout_shoals
Shoals:2: layout_shoals, hangedman_shoal_volcano
Shoals:3: layout_shoals, uniq_ilsuiw
Shoals:4: shoals_end_simple, layout_shoals
Snake:1:  layout_onion_interference, serial_shops, shop,
          ebering_ghost_inner_flame, st_stairs_14, nicolae_snake_linked_coils
Snake:2:  layout_misc_corridors, serial_shops, shop_coins, uniq_frances
Snake:3:  layout_chambers, uniq_roxanne
Snake:4:  grunt_snake_rune_spirals, layout_onion
Orc:1:    layout_caves
Orc:2:    st_orc_town, layout_diamond_mine, mines1_david

Skill      XL: |  1  2  3  4  5  6  7  8  9 10 11 12 13 14 15 16 17 18 19 |
---------------+----------------------------------------------------------+-----
Unarmed Combat | 3 4 5 7 8 10 12 13 14 15 16 17 18 | 18.5
Fighting       | 4 5 6 7 9 11 12 13 14 15 16 17 18 | 18.7
Armour         | 3 5 7 8 10 11 12 13 | 13.7
Shields        | 3 5 7 8 10 11 12 13 | 13.6
Invocations    | 4 7 9 10 | 10.6
Dodging        | 3 6 7 8 |  8.6

Action                   |  1- 3 |  4- 6 |  7- 9 | 10-12 | 13-15 | 16-18 | 19-21 || total
-------------------------+-------+-------+-------+-------+-------+-------+-------++-------
Melee: Unarmed           |   177 |   170 |   427 |   749 |  1309 |  1467 |   425 ||  4724
       Whip              |       |       |       |     7 |       |       |       ||     7
Throw: Boomerang         |       |     1 |       |       |     1 |       |     3 ||     5
Invok: Lesser Servant of |       |       |       |       |     1 |     1 |     1 ||     3
  Use: Scroll            |     3 |     4 |    10 |    10 |    12 |     7 |     2 ||    48
       Potion            |       |     1 |       |     1 |     5 |     1 |     1 ||     9
 Stab: Distracted        |       |       |       |       |     2 |       |     1 ||     3
       Petrified         |       |       |       |       |     6 |       |       ||     6
  Eat: Chunk             |     5 |     5 |    20 |    20 |    33 |    34 |    12 ||   129
       Ration            |       |       |       |       |       |     1 |     1 ||     2
Armor: Scale mail        |    90 |    32 |       |       |       |       |       ||   122
       Chain mail        |       |    41 |   165 |   410 |   397 |   354 |   116 ||  1483
Dodge: Dodged            |    52 |    43 |    90 |   149 |   226 |   346 |   138 ||  1044
Block: Kite shield       |    72 |    63 |   186 |   369 |   652 |  1287 |   459 ||  3088
       Reflection        |       |       |       |       |    15 |   153 |    65 ||   233

Table legend:
 A = Non-vault XP
 B = Vault XP
 C = Vault XP percentage of total XP
 D = Non-vault monster count
 E = Vault monster count
 F = Vault count percentage of total count
                 A         B        C        D         E       F
            +---------+---------+-------+---------+---------+-------
      Total |  202485 |  166293 |  45.1 |     754 |     392 |  34.2
            +---------+---------+-------+---------+---------+-------
        D:1 |      29 |       0 |   0.0 |      19 |       0 |   0.0
        D:2 |      55 |     245 |  81.7 |      13 |      20 |  60.6
        D:3 |      81 |      29 |  26.4 |      17 |       9 |  34.6
        D:4 |     287 |       6 |   2.0 |      28 |       2 |   6.7
        D:5 |     368 |     390 |  51.5 |       9 |       4 |  30.8
        D:6 |    1118 |     442 |  28.3 |      24 |       3 |  11.1
        D:7 |     570 |       0 |   0.0 |      18 |       0 |   0.0
        D:8 |     783 |     162 |  17.1 |      14 |       8 |  36.4
        D:9 |    2422 |     815 |  25.2 |      33 |       1 |   2.9
       D:10 |    2713 |       0 |   0.0 |      20 |       0 |   0.0
       D:11 |    1744 |     833 |  32.3 |      37 |      10 |  21.3
       D:12 |    4133 |    3983 |  49.1 |      31 |       7 |  18.4
       D:13 |   10894 |    9845 |  47.5 |      31 |      25 |  44.6
       D:14 |    8609 |    7817 |  47.6 |      29 |      12 |  29.3
       D:15 |    8517 |    8548 |  50.1 |      31 |      12 |  27.9
     Lair:1 |    1276 |    2938 |  69.7 |       7 |      10 |  58.8
     Lair:2 |    2684 |    3397 |  55.9 |      10 |      16 |  61.5
     Lair:3 |    5560 |    4714 |  45.9 |      21 |       9 |  30.0
     Lair:4 |    5561 |    4065 |  42.2 |      27 |      21 |  43.8
     Lair:5 |    3959 |       0 |   0.0 |      11 |       0 |   0.0
     Lair:6 |   13054 |   15057 |  53.6 |      26 |      25 |  49.0
   Shoals:1 |   14365 |       0 |   0.0 |      34 |       0 |   0.0
   Shoals:2 |   15565 |    4218 |  21.3 |      31 |       9 |  22.5
   Shoals:3 |   15525 |    3312 |  17.6 |      30 |       5 |  14.3
   Shoals:4 |    9024 |   15414 |  63.1 |      17 |      26 |  60.5
    Snake:1 |   11203 |    2992 |  21.1 |      22 |       3 |  12.0
    Snake:2 |   13036 |    1836 |  12.3 |      20 |       1 |   4.8
    Snake:3 |   25559 |       0 |   0.0 |      49 |       0 |   0.0
    Snake:4 |   16551 |   61733 |  78.9 |      36 |      89 |  71.2
      Orc:1 |    1685 |       0 |   0.0 |      12 |       0 |   0.0
      Orc:2 |    5555 |    8479 |  60.4 |      47 |      52 |  52.5
   Gauntlet |       0 |    5023 | 100.0 |       0 |      13 | 100.0
            +---------+---------+-------+---------+---------+-------
